 Dungeon Crawl Stone Soup version 0.20.1-1-g8b1a95d (webtiles) character file.

98 KoningWillie the Shield-Bearer (level 4, -1/41 HPs)
             Began as a Minotaur Fighter on Oct 26, 2017.
             Slain by Crazy Yiuf
             ... wielding a +2 quarterstaff of chaos
              (5 damage)
             ... on level 3 of the Dungeon.
             The game lasted 00:04:18 (1737 turns).

KoningWillie the Shield-Bearer (Minotaur Fighter)   Turns: 1737, Time: 00:04:19

Health: -1/41      AC:  0    Str: 20 (21) XL:     4   Next: 44%
Magic:  3/3        EV: 18    Int:  4 (5)  God:
Gold:   115        SH:  0    Dex: 14 (17) Spells: 3/3 levels left

rFire    . . .     SeeInvis .   (weapon currently unavailable)
rCold    . . .     Gourm    .   (shield currently unavailable)
rNeg     . . .     Faith    .   (armour currently unavailable)
rPois    .         Spirit   .   (helmet currently unavailable)
rElec    .         Reflect  .   (cloak currently unavailable)
rCorr    .         Harm     .   (gloves currently unavailable)
MR       .....                  (boots currently unavailable)
Stlth    +.........             (no amulet)
Regen    0.2/turn               (ring currently unavailable)
MPRegen  0.1/turn               (ring currently unavailable)

@: lethally poisoned (-1 -> -12), bat-form, flying, drained, very quick
A: (retaliatory headbutt), rugged brown scales 1, agile 1
a: no special abilities


You were on level 3 of the Dungeon.
You were not hungry.
You were in bat-form.
You visited 1 branch of the dungeon, and saw 3 of its levels.

You collected 115 gold pieces.

Inventory:

Hand Weapons
 a - a +1 flail (melded)
Armour
 b - a +0 scale mail (melded)
 c - a +0 shield (melded)
Wands
 k - a wand of lightning (5/15)
Scrolls
 n - a scroll of remove curse
Potions
 d - a potion of might
 e - a potion of magic {unknown}
 i - 2 potions of haste
 l - a potion of degeneration
 m - a potion of curing {unknown}
Books
 h - a book of Misfortune

   Spells                             Type                      Level
   a - Confusing Touch                Hexes                        1
   b - Confuse                        Hexes                        3
   c - Gell's Gravitas                Translocation                3
   d - Petrify                        Transmutation/Earth          4
   e - Metabolic Englaciation         Hexes/Ice                    5
   f - Yara's Violent Unravelling     Hexes/Transmutation          5
Comestibles
 f - 2 bread rations
 g - 4 fruits
 j - a royal jelly


   Skills:
 + Level 4.2(3.8) Fighting
 + Level 3.5(3.2) Maces & Flails
 + Level 4.1(3.8) Armour
 + Level 1.2(0.9) Dodging
 + Level 4.6(4.3) Shields


You had 3 spell levels left.
You didn't know any spells.

Dungeon Overview and Level Annotations

Branches:
Dungeon (3/15)

Altars:
Xom

Annotations:
D:3 Crazy Yiuf


Innate Abilities, Weirdness & Mutations

((You reflexively headbutt those who attack you in melee.))
((You have a pair of horns on your head.))
(You are partially covered in rugged brown scales. (AC +1, +3% HP))
You are agile. (Dex +2)


Message History

Crazy Yiuf is severely wounded.
Crazy Yiuf says, "Blight ena seventy!"
Crazy Yiuf misses you.
You hit Crazy Yiuf but do no damage.
Crazy Yiuf is severely wounded.
You hit Crazy Yiuf but do no damage.
Crazy Yiuf is severely wounded.
Crazy Yiuf hits you with a quarterstaff of chaos!
You feel drained.
You hit Crazy Yiuf.
Crazy Yiuf is severely wounded.
Crazy Yiuf hits you with a quarterstaff of chaos!
* * * LOW HITPOINT WARNING * * *
You are lethally poisoned!
You hit Crazy Yiuf but do no damage.
Crazy Yiuf is severely wounded.
* * * LOW HITPOINT WARNING * * *
You feel sick.
Crazy Yiuf hits you with a quarterstaff of chaos.
You die...

. ...# .. # .###
##.##.# .. .. # #.#
# ###.. ......#####
#### #####...#.##
###..)#
#......####.bg..#
#.......#..##...#
#####...#..#.###
#### .......#######
.#####.#
.#...#.############
............#.....#
.......###........#
.......# #.##.....#


You could see Crazy Yiuf.

Vanquished Creatures
  2 adders
  An ooze (D:2)
  4 worms
  5 dart slugs
  3 leopard geckos
  A giant cockroach (D:3)
  6 goblins
  6 hobgoblins
  6 jackals
  9 bats
  A frilled lizard (D:2)
  5 kobolds
  5 rats (D:1)
54 creatures vanquished.

Notes
Turn   | Place    | Note
-------+----------+-------------------------------------------
     0 | D:1      | KoningWillie the Minotaur Fighter began the quest for the Orb.
     0 | D:1      | Reached XP level 1. HP: 19/19 MP: 0/0
   172 | D:1      | Reached XP level 2. HP: 18/27 MP: 1/1
   383 | D:1      | Found a shimmering altar of Xom.
   681 | D:1      | Gained mutation: You are partially covered in rugged brown scales. (AC +1, +3% HP) [potion of mutation]
   681 | D:1      | Gained mutation: You are agile. (Dex +2) [potion of mutation]
   872 | D:2      | Reached XP level 3. HP: 28/33 MP: 2/2
  1194 | D:2      | Reached XP level 4. HP: 34/41 MP: 3/3
  1636 | D:3      | Reached skill level 1 in Dodging
  1720 | D:3      | Found a runed door.
  1724 | D:3      | Noticed Crazy Yiuf
  1737 | D:3      | Slain by Crazy Yiuf

Skill      XL: |  1  2  3  4 |
---------------+-------------+-----
Shields        | 4 |  4.6
Armour         | 4 |  4.1
Fighting       | 4 |  4.2
Maces & Flails | 3 |  3.5
Dodging        | 1 |  1.2

Action                   |  1- 3 |  4- 6 || total
-------------------------+-------+-------++-------
Melee: Flail             |   102 |    34 ||   136
       Headbutt          |    11 |     7 ||    18
       Unarmed           |       |    10 ||    10
  Use: Potion            |     4 |     2 ||     6
       Scroll            |     4 |       ||     4
  Eat: Bread ration      |     1 |       ||     1
Armor: Scale mail        |    52 |    14 ||    66
Dodge: Dodged            |    41 |    14 ||    55
Block: Shield            |    61 |    26 ||    87
